 Dungeon Crawl Stone Soup version 0.21.1-1-g345015f (webtiles) character file.

650 diana the Slasher (level 7, -1/44 HPs)
             Began as a Tengu Gladiator on June 16, 2018.
             Was an Initiate of Ru.
             Slain by Prince Ribbit (7 damage)
             ... on level 5 of the Dungeon.
             The game lasted 00:08:33 (5581 turns).

diana the Slasher (Tengu Gladiator)                 Turns: 5581, Time: 00:08:34

Health: -1/44      AC:  8    Str: 15    XL:     7   Next: 53%
Magic:  8/8        EV: 12    Int:  9    God:    Ru [......]
Gold:   274        SH:  0    Dex: 16    Spells: 3/6 levels left

rFire    . . .     SeeInvis +   a - +0 long sword
rCold    + . .     Gourm    .   (no shield)
rNeg     . . .     Faith    .   w - +1 ring mail {rC+}
rPois    .         Spirit   .   c - +0 hat
rElec    .         Reflect  .   (no cloak)
rCorr    .         Harm     .   e - +1 pair of gloves
MR       +....                  (boots unavailable)
Stlth    +.........             (no amulet)
HPRegen  0.14/turn              n - ring "Vigukemp" {MR+ SInv}
MPRegen  0.11/turn              (no ring)

@: no status effects
A: beak, talons 3, able to fly 1
a: Fly, Renounce Religion


You were on level 5 of the Dungeon.
You worshipped Ru.
Ru was noncommittal.
You were very hungry.

You visited 1 branch of the dungeon, and saw 5 of its levels.

You collected 274 gold pieces.

Inventory:

Hand Weapons
 a - a +0 long sword (weapon)
Missiles
 d - 3 throwing nets (quivered)
Armour
 b - a +0 leather armour
 c - a +0 hat (worn)
 e - a +1 pair of gloves (worn)
 w - a +1 ring mail of cold resistance (worn)
Magical Staves
 z - an uncursed staff of cold
Jewellery
 n - the ring "Vigukemp" (left hand) {MR+ SInv}
   (You found it on level 5 of the Dungeon)

   [ring of see invisible]

   It affects your resistance to hostile enchantments.
   It lets you see invisible.
Scrolls
 g - 3 scrolls of remove curse {unknown}
 h - 2 scrolls of enchant weapon {unknown}
 k - 6 scrolls of identify
 p - a scroll of amnesia {unknown}
 q - a scroll of enchant armour {unknown}
 r - a scroll of magic mapping {unknown}
 s - 2 scrolls of fear {unknown}
 t - 2 scrolls of teleportation {unknown}
 v - a scroll of noise {unknown}
 y - a scroll of immolation {unknown}
Potions
 i - 3 potions of curing {unknown}
 j - 3 potions of heal wounds {unknown}
 l - 2 potions of might {unknown}
 m - 2 potions of resistance {unknown}
 o - 2 potions of haste {unknown}
 u - a potion of flight {unknown}
 x - a potion of agility {unknown}
 A - a potion of brilliance {unknown}
 B - a potion of degeneration {unknown}
Books
 C - a Young Poisoner's Handbook

   Spells                             Type                      Level
   a - Sting                          Conjuration/Poison           1
   b - Poisonous Vapours              Poison/Air                   2
   c - Mephitic Cloud                 Conjuration/Poison/Air       3
   d - Olgreb's Toxic Radiance        Poison                       4
   e - Venom Bolt                     Conjuration/Poison           5
Comestibles
 f - 7 rations


   Skills:
 + Level 4.5 Fighting
 * Level 7.2 Long Blades
 - Level 2.0 Throwing
 - Level 3.4 Armour
 - Level 3.2 Dodging


You had 3 spell levels left.
You knew the following spells:

 Your Spells              Type           Power        Failure   Level  Hunger
a - Mephitic Cloud        Conj/Pois/Air  #.......     93%         3    ####...


Dungeon Overview and Level Annotations

Branches:
Dungeon (5/15)             Temple (0/1) D:5

Altars:
Gozag
Ru
Wu Jian
Xom

Shops:
D:4 [

Annotations:
D:5 Prince Ribbit


Innate Abilities, Weirdness & Mutations

You have a beak for a mouth.
You have claws for feet.
You can fly.


Message History

Your kick misses Prince Ribbit.
Prince Ribbit is moderately wounded.
You slash Prince Ribbit! Your kick misses Prince Ribbit.
Prince Ribbit is heavily wounded.
Prince Ribbit hits you! Prince Ribbit barely misses you.
You barely miss Prince Ribbit. Your peck misses Prince Ribbit.
Prince Ribbit is heavily wounded.
Prince Ribbit hits you but does no damage.
You closely miss Prince Ribbit. Your peck misses Prince Ribbit.
Prince Ribbit is heavily wounded.
Prince Ribbit blinks!
You start resting.
Prince Ribbit catches a centipede with his tongue.
Prince Ribbit barely misses you.
You slash Prince Ribbit!
Prince Ribbit is severely wounded.
Prince Ribbit hits you!
* * * LOW HITPOINT WARNING * * *
Prince Ribbit hits you!
You die...

#########.#.##.#.#######.#
..........#.##.#.#.....#.#
).....#####.##.#.#.###.#.######.
......'.............>...........
......########.#.#.#............
......## #.#.#..............
.......### #.................#
##..⌠....#######.###...........#
................@#...###.######
##⌠.>.⌠..#.#####F#...# #.########
...........# #.#=..###.........
##..⌠......#####.#...#..........#
...........#.............%.......
#####.###..#...........(........#
#.# #÷......................# #.#
#............F..........# #.#
#.......................#


You could see Prince Ribbit.

Vanquished Creatures
  A sky beast (D:5)
  An ogre (D:4)
  A scorpion (D:5)
  2 orc priests
  A centaur skeleton (D:5)
  A bullfrog skeleton (D:5)
  2 orc wizards
  Terence (D:2)
  A worker ant (D:4)
  2 hound skeletons
  4 gnolls (D:5)
  5 adders
  An adder skeleton (D:4)
  A worm (D:2)
  4 dart slugs
  3 leopard geckos
  13 orcs
  8 bats
  8 giant cockroaches
  5 goblins
  4 hobgoblins
  3 jackals (D:4)
  4 kobolds
  2 quokkas
  2 ball pythons (D:3)
  3 frilled lizards
  6 rats
89 creatures vanquished.

Notes
Turn   | Place    | Note
-------+----------+-------------------------------------------
     0 | D:1      | diana the Tengu Gladiator began the quest for the Orb.
     0 | D:1      | Reached XP level 1. HP: 12/12 MP: 2/2
   514 | D:1      | Reached XP level 2. HP: 17/17 MP: 3/3
   952 | D:1      | Reached skill level 1 in Armour
  1157 | D:2      | Reached skill level 4 in Long Blades
  1157 | D:2      | Reached XP level 3. HP: 22/22 MP: 4/4
  1654 | D:2      | Reached XP level 4. HP: 25/27 MP: 5/5
  1718 | D:2      | Found a sacrificial altar of Ru.
  1729 | D:2      | Became a worshipper of Ru the Awakened
  2144 | D:2      | Found an opulent altar of Gozag.
  2392 | D:3      | Found an ornate altar of the Wu Jian Council.
  2713 | D:3      | Noticed Terence
  3010 | D:2      | Killed Terence
  3010 | D:2      | Reached skill level 5 in Long Blades
  3010 | D:2      | Gained mutation: You can fly. [Tengu growth]
  3010 | D:2      | Reached XP level 5. HP: 17/32 MP: 6/6
  3479 | D:3      | Found a shimmering altar of Xom.
  3595 | D:4      | Noticed an ogre
  3605 | D:4      | Killed an ogre
  3605 | D:4      | Reached XP level 6. HP: 11/37 MP: 7/7
  3856 | D:4      | Found Sodoxeg's Armour Shop.
  4076 | D:4      | Reached skill level 6 in Long Blades
  4889 | D:5      | Entered Level 5 of the Dungeon
  4919 | D:5      | Found a staircase to the Ecumenical Temple.
  4929 | D:5      | Reached XP level 7. HP: 32/42 MP: 8/8
  4939 | D:5      | Got a crude tin ring
  4940 | D:5      | Identified the ring "Vigukemp" {MR+ SInv} (You found it on level 5 of the Dungeon)
  5195 | D:5      | Learned a level 3 spell: Mephitic Cloud
  5221 | D:5      | Noticed Prince Ribbit
  5230 | D:5      | Reached skill level 7 in Long Blades
  5581 | D:5      | Slain by Prince Ribbit

Skill      XL: |  1  2  3  4  5  6  7 |
---------------+----------------------+-----
Armour         | 1 2 3 |  3.4
Long Blades    | 4 5 6 7 |  7.2
Fighting       | 3 4 |  4.5
Throwing       | |  2.0
Dodging        | |  3.2

Action                   |  1- 3 |  4- 6 |  7- 9 || total
-------------------------+-------+-------+-------++-------
Melee: Long sword        |    55 |   132 |    52 ||   239
       Peck              |     9 |    24 |    16 ||    49
       Kick              |    13 |    58 |    10 ||    81
Throw: Throwing net      |       |     3 |       ||     3
Invok: Reject Sacrifices |       |     1 |       ||     1
  Use: Scroll            |       |     2 |       ||     2
 Stab: Sleeping          |     1 |     5 |       ||     6
       Held in net/web   |       |     1 |       ||     1
  Eat: Chunk             |     2 |     8 |       ||    10
       Ration            |       |     1 |       ||     1
Armor: Leather armour    |    15 |    30 |       ||    45
       Ring mail         |       |     2 |    21 ||    23
Dodge: Dodged            |    40 |    84 |    40 ||   164
       Rpst.: Long sword |    12 |    21 |    10 ||    43
